 Dungeon Sprint DCSS version 0.22-a0-32-ga749362 (webtiles) character file.

322745 Kidiri the Conqueror (level 19, -17/186 HPs)
             Began as a Minotaur Fighter on Jan 3, 2018.
             Was the Champion of the Shining One.
             Killed from afar by an orb of fire (53 damage)
             ... with a fireball
             ... in the Dungeon (Sprint IX: "|||||||||||||||||||||||||||||").
             The game lasted 00:42:27 (12339 turns).

Kidiri the Conqueror (Minotaur Fighter)            Turns: 12339, Time: 00:42:28

Health: -17/186    AC: 44    Str: 28    XL:     19   Next: 31%
Magic:  41/41      EV: 27    Int:  9    God:    the Shining One [******]
Gold:   1287       SH: 52    Dex: 13    Spells: 18/18 levels left

rFire    . . .     SeeInvis +   U - +9 eudemon blade (holy)
rCold    + + .     Gourm    .   X - +5 large shield {reflect}
rNeg     + + +     Faith    .   E - +11 chain mail of the Tundras {Str-3 Dex+6}
rPois    +         Spirit   .   s - +2 hat "Vesall" {Str+3 Int+2 SInv}
rElec    .         Reflect  +   P - scarf {repulsion}
rCorr    .         Harm     .   r - +2 pair of gloves
MR       +....     NoTele   +   L - +2 pair of boots
Stlth    ++........             u - amulet of Sif Muna's Reproof {Reflect +Fly Int+2 SH+6}
HPRegen  0.41/turn              j - ring of Ryselas {rC+ rN+ MP+9 EV+3 Dex-4}
MPRegen  0.27/turn              O - ring of Molonlut {rPois rC+ AC+5}

@: divine shield, glowing, repel missiles
A: retaliatory headbutt, hooves 1, horns 2, repulsion field 1, see invisible,
frail 1, screaming 1, evolution 1
}: 5/15 runes: decaying, serpentine, barnacled, silver, gossamer
a: Divine Shield, Cleansing Flame, Summon Divine Warrior, Renounce Religion,
Evoke Flight


You were in the Dungeon.
You worshipped the Shining One.
The Shining One was exalted by your worship.
You were not hungry.

You visited 1 branch You collected 1952 gold pieces.
You spent 665 gold pieces at shops.

Inventory:

Hand Weapons
 c - a +0 long sword
 U - a +9 eudemon blade of holy wrath (weapon)
Missiles
 y - 7 steel javelins
 D - 26 javelins of returning
 K - 64 javelins (quivered)
 W - 5 javelins of penetration
 Y - 26 poisoned javelins
Armour
 r - a +2 pair of gloves (worn)
 s - the +2 hat "Vesall" (worn) {Str+3 Int+2 SInv}
   (Okawaru gifted it to you in the Dungeon)

   It affects your strength (+3).
   It affects your intelligence (+2).
   It lets you see invisible.
 E - the +11 chain mail of the Tundras (worn) {Str-3 Dex+6}
   (You found it in the Dungeon)

   It affects your strength (-3).
   It affects your dexterity (+6).
 L - a +2 pair of boots (worn)
 P - a scarf of repulsion (worn)
 X - a +5 large shield of reflection (worn)
Jewellery
 j - the ring of Ryselas (left hand) {rC+ rN+ MP+9 EV+3 Dex-4}
   (You acquired it in the Dungeon)

   [ring of evasion]

   It affects your evasion (+3).
   It affects your dexterity (-4).
   It protects you from cold.
   It protects you from negative energy.
   It affects your magic capacity (+9).
 u - the amulet of Sif Muna's Reproof (around neck) {Reflect +Fly Int+2 SH+6}
   (You found it in the Dungeon)

   [amulet of reflection]

   It shields you and reflects attacks.
   It affects your intelligence (+2).
   It lets you fly.
   It affects your SH (+6).
 O - the ring of Molonlut (right hand) {rPois rC+ AC+5}
   (You found it in the Dungeon)

   [ring of protection]

   It affects your AC (+5).
   It protects you from cold.
   It protects you from poison.
Wands
 p - a wand of iceblast (10)
Scrolls
 k - 7 scrolls of blinking
 n - 6 scrolls of remove curse
 o - 3 scrolls of amnesia
 v - 5 scrolls of fear
 w - 5 scrolls of fog
 C - a scroll of immolation
 V - 3 scrolls of identify
Potions
 a - a potion of ambrosia
 b - a potion of resistance
 d - 6 potions of might
 e - 8 potions of curing
 g - 9 potions of heal wounds
 h - 6 potions of haste
 i - 5 potions of magic
 l - 4 potions of mutation
 m - a potion of invisibility
 I - a potion of berserk rage
 J - 3 potions of brilliance
 M - a potion of agility
Comestibles
 f - 4 rations


   Skills:
 O Level 27 Fighting
 O Level 27 Long Blades
 + Level 21.3 Throwing
 O Level 27 Armour
 + Level 22.8 Dodging
 + Level 19.8 Stealth
 O Level 27 Shields
 + Level 21.1 Invocations
 + Level 19.4 Evocations


You had 18 spell levels left.
You didn't know any spells.

Dungeon Overview and Level Annotations

Branches:
Dungeon (1/1)

Altars:
Cheibriados
Dithmenos
Elyvilon
Fedhas
Gozag
Hepliaklqana
Kikubaaqudgha
Makhleb
Nemelex Xobeh
Okawaru
Qazlal
Ru
Sif Muna
Trog
Uskayaw
Vehumet
Wu Jian
Xom
Yredelemnul
Zin
The Shining One
Beogh
Jiyva
Lugonu

Shops:
D [?*:


Innate Abilities, Weirdness & Mutations

You reflexively headbutt those who attack you in melee.
You have a pair of horns on your head.
You have large cloven feet.
You are surrounded by a mild repulsion field. (EV +2)
You have supernaturally acute eyesight. (SInv)
You are frail. (-10% HP)
You occasionally shout uncontrollably at your foes.
You evolve.


Message History

The orb of fire is severely damaged.
The Killer Klown completely misses you.
You riposte.
You carve the Killer Klown like a ham!!!
You kill the Killer Klown!
Your Invocations skill increases to level 21!
The orb of fire emits a lurid red light.
The fireball explodes!
The fireball engulfs you!
* * * LOW HITPOINT WARNING * * *
The fireball engulfs the orb of fire.
The orb of fire completely resists.
You barely miss the orb of fire. Your headbutt misses the orb of fire.
The orb of fire is severely damaged.
Unknown command.
You hit the orb of fire but do no damage.
The orb of fire is severely damaged.
Unknown command.
You slash the orb of fire!
The orb of fire is severely damaged.
The orb of fire glows yellow.
The fireball explodes!
The fireball engulfs you!
You die...

▓.▓)▓.▓.▓.▓)▓.▓)
▓.▓.▓.▓.▓.▓.▓}▓.▓)
▓.▓.▓.▓.▓.▓)▓(▓.▓)
▓.▓.▓.▓.▓.▓.▓)▓.▓)
▓.▓.▓.▓.▓.▓.▓)▓.▓.
▓D▓.▓.▓.▓.▓.▓)▓.▓.
▓X▓.▓.▓.▓.▓.▓)▓.▓)
▓*▓.▓.▓.▓[▓.▓'▓.▓)
▓@▓.▓.▓.▓[▓.▓.▓.▓'
▓.▓.▓)▓.▓[▓.▓.▓.▓.
▓+▓.▓.▓.▓[▓.▓.▓.▓)
▓.▓.▓.▓.▓[▓.▓.▓.▓)
▓+▓.▓.▓.▓[▓.▓.▓.▓)
▓.▓.▓)▓.▓[▓.▓.▓.▓)
▓'▓.▓)▓.▓.▓.▓.▓.▓)
▓.▓.▓)▓.▓.▓.▓.▓.▓.
▓.▓.▓)▓.▓.▓.▓.▓.▓)


You could see an orb of fire, a shadow dragon and an Orb Guardian.

Vanquished Creatures
  3 ancient liches (D)
  An orb of fire (D)
  Frederick (D)
  Xtahua (D)
  A Killer Klown (D)
  5 golden dragons (D)
  2 bone dragons (D)
  Nikola (D)
  Jory (D)
  2 electric golems (D)
  14 Orb Guardians (D)
  9 tentacled monstrosities (D)
  Rupert (D)
  A deep elf blademaster (D)
  4 titans (D)
  3 quicksilver dragons (D)
  2 death cobs (D)
  A sphinx (D)
  A thorn hunter (D)
  6 shadow dragons (D)
  5 nagarajas (D)
  3 storm dragons (D)
  A draconian monk (D)
  Ilsuiw (D)
  6 ghost moths (D)
  A fire giant (D)
  2 frost giants (D)
  A draconian knight (D)
  4 vault wardens (D)
  A draconian scorcher (D)
  A draconian stormcaller (D)
  3 emperor scorpions (D)
  2 draconian annihilators (D)
  A draconian shifter (D)
  An ironheart preserver (D)
  5 stone giants (D)
  2 very ugly things (D)
  A green draconian (D)
  Azrael (D)
  Nessos (D)
  A vampire knight (D)
  A spark wasp (D)
  2 black draconians (D)
  4 yellow draconians (D)
  2 purple draconians (D)
  2 white draconians (D)
  A deep elf annihilator (D)
  4 red draconians (D)
  An ettin (D)
  2 minotaurs (D)
  8 merfolk javelineers (D)
  3 merfolk impalers (D)
  5 fire dragons (D)
  2 yaktaur captains (D)
  7 hydras (D)
  2 rakshasas (D)
  3 ice dragons (D)
  A great orb of eyes (D)
  A spriggan air mage (D)
  Erica (D)
  A merfolk avatar (D)
  A death knight (D)
  25 vault guards (D)
  2 ghost crabs (D)
  An alligator snapping turtle (D)
  2 centaur warriors (D)
  A merfolk aquamancer (D)
  7 ogre magi (D)
  An alligator (D)
  4 two-headed ogres (D)
  A deep troll shaman (D)
  A tengu warrior (D)
  A shock serpent (D)
  Sonja (D)
  Nergalle (D)
  A spriggan berserker (D)
  7 deep elf knights (D)
  3 shadow wraiths (D)
  A wizard (D)
  A deep elf archer (D)
  2 sea snakes (D)
  6 swamp dragons (D)
  An ironbrand convoker (D)
  A flayed ghost (D)
  2 harpies (D)
  3 ugly things (D)
  An orb spider (shapeshifter) (D)
  5 orc knights (D)
  4 deep elf magi (D)
  A cyclops (D)
  An orc sorcerer (D)
  2 wolf spiders (D)
  A salamander (D)
  9 moths of wrath (D)
  A cyclops (shapeshifter) (D)
  A merfolk siren (D)
  6 vault sentinels (D)
  4 black mambas (D)
  2 water nymphs (D)
  A guardian serpent (D)
  An elephant (D)
  2 spiny frogs (D)
  7 naga magi (D)
  A yaktaur (shapeshifter) (D)
  4 demonic crawlers (D)
  2 komodo dragons (D)
  2 yaktaurs (D)
  2 jumping spiders (D)
  A tyrant leech (D)
  A wind drake (D)
  A meliai (D)
  3 polar bears (D)
  3 merfolk (D)
  A hornet (D)
  3 slime creatures (D)
  2 hippogriffs (D)
  A blink frog (shapeshifter) (D)
  2 basilisks (D)
  A tarantella (D)
  A wraith (D)
  A redback (D)
  A yak (D)
  4 fire elementals (D)
  Grum (D)
  A hungry ghost (D)
  A vampire mosquito (D)
  3 nagas (D)
  An acid dragon (D)
  3 water moccasins (D)
  2 porcupines (D)
  A floating eye (D)
  2 hell hounds (D)
  17 orc warriors (D)
  5 black bears (D)
  6 ogres (D)
  An ogre (shapeshifter) (D)
  2 wolves (D)
  A crocodile (D)
  3 bullfrogs (D)
  A howler monkey (D)
  3 crimson imps (D)
  A quasit (D)
  An orc priest (D)
  2 orc wizards (D)
  5 worker ants (D)
  An adder (D)
  An ooze (D)
  6 orcs (D)
  2 bats (D)
  A bat skeleton (D)
  A goblin (D)
  A ball python (D)
  A ball python zombie (D)
  A leopard gecko zombie (D)
398 creatures vanquished.

Vanquished Creatures (others)
  A tentacled monstrosity (D)
  An alligator (D)
  A yaktaur (D)
  A hornet (D)
  An insubstantial wisp (D)
  A swamp drake (D)
  2 briar patches (D)
8 creatures vanquished.

Grand Total: 406 creatures vanquished

Notes
Turn   | Place    | Note
-------+----------+-------------------------------------------
     0 | D        | Kidiri the Minotaur Fighter began the quest for the Orb.
     0 | D        | Reached XP level 1. HP: 19/19 MP: 0/0
     8 | D        | Reached skill level 1 in Dodging
     8 | D        | Reached XP level 2. HP: 25/27 MP: 1/1
    27 | D        | Noticed a crimson imp
    29 | D        | Reached skill level 1 in Throwing
    29 | D        | Reached skill level 1 in Stealth
    29 | D        | Reached XP level 3. HP: 35/35 MP: 2/2
    30 | D        | Reached skill level 5 in Fighting
    30 | D        | Reached skill level 5 in Armour
    30 | D        | Reached skill level 5 in Shields
    30 | D        | Reached XP level 4. HP: 42/42 MP: 3/3
    37 | D        | Reached skill level 5 in Long Blades
    49 | D        | Found a roughly hewn altar of Beogh.
    49 | D        | Found a snail-covered altar of Cheibriados.
    49 | D        | Found a shadowy altar of Dithmenos.
    49 | D        | Found a white marble altar of Elyvilon.
    49 | D        | Found a blossoming altar of Fedhas.
    49 | D        | Found an opulent altar of Gozag.
    50 | D        | Found a hazy altar of Hepliaklqana.
    51 | D        | Found a viscous altar of Jiyva.
    52 | D        | Found an ancient bone altar of Kikubaaqudgha.
    53 | D        | Found a corrupted altar of Lugonu.
    54 | D        | Found a burning altar of Makhleb.
    55 | D        | Found a sparkling altar of Nemelex Xobeh.
    56 | D        | Found an iron altar of Okawaru.
    57 | D        | Found a stormy altar of Qazlal.
    58 | D        | Found a sacrificial altar of Ru.
    59 | D        | Found a deep blue altar of Sif Muna.
    60 | D        | Found a bloodstained altar of Trog.
    61 | D        | Found a hide-covered altar of Uskayaw.
    62 | D        | Found a radiant altar of Vehumet.
    63 | D        | Found an ornate altar of the Wu Jian Council.
    64 | D        | Became a worshipper of Warmaster Okawaru
    65 | D        | Found a shimmering altar of Xom.
    66 | D        | Found a basalt altar of Yredelemnul.
    67 | D        | Found a glowing silver altar of Zin.
    68 | D        | Found a glowing golden altar of the Shining One.
   121 | D        | Noticed an orc warrior
   121 | D        | Noticed an orc warrior
   123 | D        | Reached XP level 5. HP: 50/50 MP: 4/4
   133 | D        | Killed an orc warrior
   133 | D        | Reached skill level 1 in Invocations
   136 | D        | Killed an orc warrior
   136 | D        | Reached * piety under Okawaru
   136 | D        | Reached XP level 6. HP: 59/60 MP: 4/6
   247 | D        | Reached XP level 7. HP: 69/69 MP: 5/8
   359 | D        | Gained mutation: You are surrounded by a mild repulsion field. (EV +2) [potion of mutation]
   359 | D        | Gained mutation: You occasionally shout uncontrollably at your foes. [potion of mutation]
   359 | D        | Gained mutation: You evolve. [potion of mutation]
   383 | D        | Noticed a yak
   383 | D        | Noticed a basilisk
   386 | D        | Noticed a komodo dragon
   402 | D        | Killed a basilisk
   402 | D        | Reached ** piety under Okawaru
   402 | D        | Reached skill level 5 in Dodging
   402 | D        | Reached skill level 1 in Evocations
   404 | D        | Noticed a komodo dragon
   406 | D        | Noticed a hippogriff
   414 | D        | Reached skill level 5 in Throwing
   415 | D        | Reached XP level 8. HP: 71/78 MP: 9/9
   423 | D        | Killed a komodo dragon
   423 | D        | Reached skill level 10 in Fighting
   423 | D        | Reached skill level 10 in Armour
   423 | D        | Reached skill level 10 in Shields
   427 | D        | Killed a komodo dragon
   427 | D        | Reached *** piety under Okawaru
   427 | D        | Reached skill level 5 in Stealth
   429 | D        | Killed a hippogriff
   429 | D        | Reached skill level 10 in Long Blades
   496 | D        | Noticed a hippogriff
   496 | D        | Noticed a spiny frog
   496 | D        | Noticed a spiny frog
   496 | D        | Noticed an elephant
   498 | D        | Reached XP level 9. HP: 86/86 MP: 8/11
   502 | D        | Killed an elephant
   502 | D        | Reached skill level 5 in Invocations
   503 | D        | Killed a spiny frog
   503 | D        | Reached **** piety under Okawaru
   511 | D        | Killed a spiny frog
   542 | D        | Noticed a polar bear
   542 | D        | Noticed a polar bear
   543 | D        | Noticed a polar bear
   553 | D        | Killed a polar bear
   555 | D        | Killed a polar bear
   555 | D        | Reached XP level 10. HP: 97/97 MP: 11/13
   559 | D        | Reached ***** piety under Okawaru
   571 | D        | Received a gift from Okawaru
   731 | D        | Noticed an orc knight
   746 | D        | Killed an orc knight
   822 | D        | Noticed an orc knight
   822 | D        | Noticed an orc sorcerer
   840 | D        | Killed an orc sorcerer
   853 | D        | Killed an orc knight
   853 | D        | Received a gift from Okawaru
   853 | D        | Reached skill level 5 in Evocations
   857 | D        | Noticed an orc knight
   876 | D        | Killed an orc knight
   876 | D        | Received a gift from Okawaru
  1209 | D        | Found Qemaicun's Book Boutique.
  1209 | D        | Noticed a two-headed ogre
  1209 | D        | Noticed a two-headed ogre
  1209 | D        | Noticed an ogre mage
  1209 | D        | Noticed a two-headed ogre
  1211 | D        | Noticed an ogre mage
  1211 | D        | Killed a two-headed ogre
  1211 | D        | Received a gift from Okawaru
  1211 | D        | Reached XP level 11. HP: 107/107 MP: 7/15
  1222 | D        | Killed an ogre mage
  1228 | D        | Killed a two-headed ogre
  1228 | D        | Received a gift from Okawaru
  1233 | D        | Killed a two-headed ogre
  1233 | D        | Received a gift from Okawaru
  1242 | D        | Killed an ogre mage
  1242 | D        | Received a gift from Okawaru
  1246 | D        | Found Nirroen's General Store.
  1256 | D        | Found Noclulafiepp's Magic Scroll Boutique.
  1261 | D        | Noticed an ogre mage
  1262 | D        | Noticed an ogre mage
  1265 | D        | Noticed a two-headed ogre
  1265 | D        | Killed an ogre mage
  1275 | D        | Killed an ogre mage
  1280 | D        | Killed a two-headed ogre
  1288 | D        | Found Dikkossu's Antique Armour Shop.
  1344 | D        | Bought a potion of haste for 130 gold pieces
  1344 | D        | Bought a scroll of enchant armour for 97 gold pieces
  1344 | D        | Bought a scroll of identify for 26 gold pieces
  1346 | D        | Bought a scroll of fear for 42 gold pieces
  1346 | D        | Bought a scroll of immolation for 42 gold pieces
  1346 | D        | Bought a scroll of fog for 24 gold pieces
  1346 | D        | Bought a scroll of blinking for 90 gold pieces
  1346 | D        | Bought a scroll of fear for 42 gold pieces
  1348 | D        | Bought a runed cloak for 172 gold pieces
  1485 | D        | Noticed Erica
  1489 | D        | Noticed Grum
  1497 | D        | Killed Grum
  1502 | D        | Killed Erica
  1508 | D        | Received a gift from Okawaru
  1761 | D        | Got the +11 chain mail of the Tundras {Str-3 Dex+6}
  1797 | D        | Noticed a red ugly thing
  1805 | D        | Noticed a yaktaur captain
  1811 | D        | Noticed a cyan ugly thing
  1811 | D        | Killed a red ugly thing
  1824 | D        | Noticed a deep troll shaman
  1828 | D        | Noticed a rakshasa
  1834 | D        | Killed a yaktaur captain
  1834 | D        | Reached XP level 12. HP: 118/118 MP: 10/17
  1851 | D        | Noticed an ettin
  1854 | D        | Reached skill level 15 in Armour
  1854 | D        | Reached skill level 10 in Dodging
  1858 | D        | Killed a deep troll shaman
  1858 | D        | Received a gift from Okawaru
  1858 | D        | Reached skill level 15 in Shields
  1864 | D        | Killed a rakshasa
  1864 | D        | Reached skill level 15 in Fighting
  1871 | D        | Killed an ettin
  1871 | D        | Reached skill level 15 in Long Blades
  1995 | D        | Noticed Azrael
  2019 | D        | Killed Azrael
  2019 | D        | Received a gift from Okawaru
  2229 | D        | Noticed Sonja
  2234 | D        | Killed Sonja
  2234 | D        | Received a gift from Okawaru
  2407 | D        | Noticed an alligator snapping turtle
  2420 | D        | Killed an alligator snapping turtle
  2470 | D        | Noticed an emperor scorpion
  2474 | D        | Noticed a ghost moth
  2487 | D        | Killed a ghost moth
  2506 | D        | Killed an emperor scorpion
  2506 | D        | Received a gift from Okawaru
  2506 | D        | Reached skill level 10 in Throwing
  2506 | D        | Reached XP level 13. HP: 62/130 MP: 1/19
  2852 | D        | Noticed a thorn hunter
  2878 | D        | Killed a thorn hunter
  2878 | D        | Received a gift from Okawaru
  2878 | D        | Reached ****** piety under Okawaru
  3094 | D        | Received a gift from Okawaru
  3098 | D        | Received a gift from Okawaru
  3098 | D        | Reached skill level 10 in Invocations
  3252 | D        | Noticed Rupert
  3266 | D        | Killed Rupert
  3308 | D        | Noticed a shadow dragon
  3308 | D        | Noticed a fire dragon
  3320 | D        | Killed a fire dragon
  3322 | D        | Killed a shadow dragon
  3322 | D        | Reached skill level 10 in Stealth
  3326 | D        | Noticed a fire dragon
  3332 | D        | Noticed a frost giant
  3337 | D        | Killed a fire dragon
  3342 | D        | Killed a frost giant
  3343 | D        | Noticed a stone giant
  3345 | D        | Killed a stone giant
  3350 | D        | Noticed a fire dragon
  3352 | D        | Noticed a frost giant
  3354 | D        | Noticed a spark wasp
  3359 | D        | Killed a fire dragon
  3369 | D        | Killed a frost giant
  3369 | D        | Received a gift from Okawaru
  3369 | D        | Reached XP level 14. HP: 53/143 MP: 16/21
  3396 | D        | Noticed a red very ugly thing
  3403 | D        | Killed a red very ugly thing
  3667 | D        | Gained mutation: You have large cloven feet. [evolution]
  4259 | D        | Noticed a vault warden
  4275 | D        | Noticed a sphinx
  4279 | D        | Killed a vault warden
  4286 | D        | Received a gift from Okawaru
  4295 | D        | Reached skill level 10 in Evocations
  4300 | D        | Received a gift from Okawaru
  4319 | D        | Killed a sphinx
  4323 | D        | Received a gift from Okawaru
  4509 | D        | Noticed Xtahua
  4517 | D        | Killed Xtahua
  4517 | D        | Received a gift from Okawaru
  4517 | D        | Received a gift from Okawaru
  4520 | D        | Got a pitted hat {god gift}
  4526 | D        | Identified the +2 hat "Vesall" {Str+3 Int+2 SInv} (Okawaru gifted it to you in the Dungeon)
  4570 | D        | Noticed Nessos
  4585 | D        | Killed Nessos
  4724 | D        | Noticed Jory
  4741 | D        | Killed Jory
  4756 | D        | Noticed Frederick
  4768 | D        | Killed Frederick
  4871 | D        | Reached XP level 15. HP: 155/155 MP: 16/23
  4895 | D        | Received a gift from Okawaru
  4914 | D        | Got a decaying rune of Zot
  4958 | D        | Noticed Ilsuiw
  4962 | D        | Received a gift from Okawaru
  4965 | D        | Killed Ilsuiw
  5015 | D        | Got a barnacled rune of Zot
  5093 | D        | Noticed a nagaraja
  5095 | D        | Noticed a nagaraja
  5096 | D        | Killed a nagaraja
  5108 | D        | Killed a nagaraja
  5113 | D        | Noticed a nagaraja
  5119 | D        | Killed a nagaraja
  5127 | D        | Noticed a nagaraja
  5132 | D        | Killed a nagaraja
  5133 | D        | Noticed a nagaraja
  5136 | D        | Killed a nagaraja
  5154 | D        | Got a serpentine rune of Zot
  5298 | D        | Noticed a ghost moth
  5298 | D        | Noticed a ghost moth
  5300 | D        | Killed a ghost moth
  5310 | D        | Noticed a ghost moth
  5311 | D        | Killed a ghost moth
  5324 | D        | Received a gift from Okawaru
  5327 | D        | Killed a ghost moth
  5336 | D        | Noticed a ghost moth
  5343 | D        | Killed a ghost moth
  5343 | D        | Received a gift from Okawaru
  5349 | D        | Reached skill level 15 in Dodging
  5389 | D        | Got a gossamer rune of Zot
  5568 | D        | Reached XP level 16. HP: 169/169 MP: 17/25
  5940 | D        | Received a gift from Okawaru
  5941 | D        | Noticed a shadow dragon
  5947 | D        | Noticed a shadow dragon
  5972 | D        | Killed a shadow dragon
  5988 | D        | Killed a shadow dragon
  6324 | D        | Noticed a shadow dragon
  6324 | D        | Noticed a golden dragon
  6324 | D        | Noticed a tentacled monstrosity
  6324 | D        | Noticed an ancient lich
  6324 | D        | Noticed a shadow dragon
  6335 | D        | Noticed a shadow dragon
  6340 | D        | Killed an ancient lich
  6340 | D        | Received a gift from Okawaru
  6340 | D        | Received a gift from Okawaru
  6340 | D        | Received a gift from Okawaru
  6340 | D        | Reached skill level 15 in Throwing
  6347 | D        | Noticed a quicksilver dragon
  6354 | D        | Killed a tentacled monstrosity
  6368 | D        | Killed a golden dragon
  6368 | D        | Reached skill level 15 in Invocations
  6375 | D        | Killed a shadow dragon
  6389 | D        | Killed a shadow dragon
  6399 | D        | Killed a shadow dragon
  6399 | D        | Reached XP level 17. HP: 57/182 MP: 22/27
  6402 | D        | Killed a quicksilver dragon
  6411 | D        | Got a silver rune of Zot
  6433 | D        | Identified a scroll of acquirement
  6439 | D        | Got a flickering copper ring
  6441 | D        | Identified the ring of Ryselas {rC+ rN+ MP+9 EV+3 Dex-4} (You acquired it in the Dungeon)
  6743 | D        | Noticed Nikola
  6759 | D        | Killed Nikola
  6959 | D        | Got the ring of Najas {rF+ rN+ MR+ Int+4}
  6961 | D        | Got the amulet of Sif Muna's Reproof {Reflect +Fly Int+2 SH+6}
  6963 | D        | Got the ring "Sunkiant" {MR+ SInv}
  6977 | D        | Got the ring "Deweeha" {Str+4 Int+3}
  6979 | D        | Got the ring of Molonlut {rPois rC+ AC+5}
  8297 | D        | Fell from the grace of Okawaru
  8297 | D        | Became a worshipper of the Shining One
  9359 | D        | Gained mutation: You have supernaturally acute eyesight. (SInv) [evolution]
  9535 | D        | Noticed Nergalle
  9892 | D        | Killed Nergalle
  9892 | D        | Reached * piety under the Shining One
 10091 | D        | Reached ** piety under the Shining One
 10091 | D        | Noticed a golden dragon
 10093 | D        | Paralysed by a floating eye for 3 turns
 10105 | D        | Paralysed by a floating eye for 3 turns
 10114 | D        | Paralysed by a floating eye for 3 turns
 10128 | D        | Paralysed by a floating eye for 2 turns
 10143 | D        | Killed a golden dragon
 10161 | D        | Paralysed by a vampire knight for 4 turns
 10432 | D        | Noticed a golden dragon
 10432 | D        | Reached *** piety under the Shining One
 10432 | D        | Noticed a golden dragon
 10432 | D        | Noticed a bone dragon
 10432 | D        | Reached **** piety under the Shining One
 10436 | D        | Noticed a bone dragon
 10460 | D        | Killed a bone dragon
 10505 | D        | Killed a bone dragon
 10506 | D        | Reached ***** piety under the Shining One
 10523 | D        | Killed a golden dragon
 10533 | D        | Reached skill level 15 in Stealth
 10557 | D        | Killed a golden dragon
 10748 | D        | Noticed a tentacled monstrosity
 10790 | D        | Killed a tentacled monstrosity
 10795 | D        | Noticed a titan
 10814 | D        | Killed a titan
 11162 | D        | Noticed a tentacled monstrosity
 11162 | D        | Reached ****** piety under the Shining One
 11189 | D        | Noticed a tentacled monstrosity
 11193 | D        | Identified a +9 eudemon blade of holy wrath (a +8 demon blade blessed by the Shining One)
 11193 | D        | Received a gift from the Shining One
 11193 | D        | Killed a tentacled monstrosity
 11193 | D        | Reached skill level 15 in Evocations
 11207 | D        | Killed a tentacled monstrosity
 11241 | D        | Noticed a titan
 11256 | D        | Killed a titan
 11413 | D        | Noticed a tentacled monstrosity
 11413 | D        | Noticed a tentacled monstrosity
 11422 | D        | Noticed a tentacled monstrosity
 11423 | D        | Killed a tentacled monstrosity
 11423 | D        | Reached XP level 18. HP: 198/198 MP: 29/29
 11434 | D        | Killed a tentacled monstrosity
 11452 | D        | Killed a tentacled monstrosity
 11496 | D        | Noticed a golden dragon
 11496 | D        | Noticed a tentacled monstrosity
 11500 | D        | Killed a tentacled monstrosity
 11502 | D        | Noticed a tentacled monstrosity
 11511 | D        | Noticed a tentacled monstrosity
 11517 | D        | Killed a golden dragon
 11517 | D        | Reached skill level 27 in Fighting
 11517 | D        | Reached skill level 27 in Armour
 11517 | D        | Reached skill level 27 in Shields
 11531 | D        | Killed a tentacled monstrosity
 11531 | D        | Reached skill level 27 in Long Blades
 11535 | D        | Killed a tentacled monstrosity
 11787 | D        | Noticed an Orb Guardian
 11787 | D        | Noticed an Orb Guardian
 11787 | D        | Noticed an Orb Guardian
 11787 | D        | Noticed an Orb Guardian
 11787 | D        | Noticed an Orb Guardian
 11787 | D        | Noticed an Orb Guardian
 11792 | D        | Killed an Orb Guardian
 11798 | D        | Killed an Orb Guardian
 11801 | D        | Killed an Orb Guardian
 11804 | D        | Noticed an Orb Guardian
 11805 | D        | Killed an Orb Guardian
 11812 | D        | Killed an Orb Guardian
 11818 | D        | Killed an Orb Guardian
 11821 | D        | Killed an Orb Guardian
 11823 | D        | Noticed an Orb Guardian
 11824 | D        | Noticed an Orb Guardian
 11825 | D        | Noticed an Orb Guardian
 11827 | D        | Killed an Orb Guardian
 11832 | D        | Killed an Orb Guardian
 11835 | D        | Killed an Orb Guardian
 11843 | D        | Noticed an Orb Guardian
 11843 | D        | Noticed an Orb Guardian
 11850 | D        | Killed an Orb Guardian
 11851 | D        | Noticed an Orb Guardian
 11854 | D        | Noticed an Orb Guardian
 11854 | D        | Killed an Orb Guardian
 11872 | D        | Killed an Orb Guardian
 11882 | D        | Killed an Orb Guardian
 12021 | D        | Noticed an ancient lich
 12035 | D        | Killed an ancient lich
 12035 | D        | Reached XP level 19. HP: 207/207 MP: 32/32
 12039 | D        | Noticed an orb of fire
 12044 | D        | Gained mutation: You are frail. (-10% HP) [an orb of fire]
 12054 | D        | Killed an orb of fire
 12287 | D        | Noticed an electric golem
 12294 | D        | Killed an electric golem
 12297 | D        | Noticed a Killer Klown
 12297 | D        | Noticed an electric golem
 12297 | D        | Noticed an ancient lich
 12308 | D        | Killed an ancient lich
 12310 | D        | Noticed an orb of fire
 12329 | D        | Killed an electric golem
 12336 | D        | Killed a Killer Klown
 12339 | D        | Killed from afar by an orb of fire

Vault maps used:
D:        linesprint

Skill      XL: |  1  2  3  4  5  6  7  8  9 10 11 12 13 14 15 16 17 18 19 |
---------------+----------------------------------------------------------+-----
Fighting       | 4 5 6 7 8 9 10 11 13 14 16 18 20 22 24 26 27 | 27.0
Long Blades    | 3 4 5 6 7 9 10 11 13 14 16 17 19 21 24 26 27 | 27.0
Armour         | 4 5 6 7 8 9 10 11 13 14 16 18 19 22 24 26 27 | 27.0
Shields        | 4 5 6 7 8 9 10 11 13 14 16 18 20 22 24 26 27 | 27.0
Dodging        | 1 2 3 4 5 6 7 8 9 11 12 13 15 16 18 21 22 | 22.8
Throwing       | 1 2 3 4 5 6 7 8 10 11 12 14 15 17 20 21 | 21.3
Stealth        | 1 2 3 4 5 6 7 8 9 10 11 12 14 15 18 19 | 19.8
Invocations    | 2 3 4 5 6 8 9 10 12 13 15 16 20 21 | 21.1
Evocations     | 2 3 4 5 6 8 9 10 12 13 15 18 19 | 19.4

Action                   |  1- 3 |  4- 6 |  7- 9 | 10-12 | 13-15 | 16-18 | 19-21 || total
-------------------------+-------+-------+-------+-------+-------+-------+-------++-------
Melee: Long sword        |    16 |    10 |       |       |       |   430 |       ||   456
       Headbutt          |     3 |    10 |    22 |    65 |    97 |   344 |    12 ||   553
       Scimitar          |       |    34 |    64 |   101 |    51 |       |       ||   250
       Demon blade       |       |       |       |   107 |   179 |   213 |       ||   499
       Falchion          |       |       |       |    24 |       |       |       ||    24
       Eudemon blade     |       |       |       |       |       |   297 |    61 ||   358
Throw: Tomahawk          |       |       |     4 |    57 |    57 |     5 |       ||   123
       Javelin           |       |       |       |    43 |   138 |    62 |       ||   243
Invok: Heroism           |       |     1 |     4 |    11 |    14 |     4 |       ||    34
       Finesse           |       |       |       |     9 |    13 |     4 |       ||    26
       Divine Shield     |       |       |       |       |       |    12 |     1 ||    13
       Cleansing Flame   |       |       |       |       |       |     1 |       ||     1
       Brand Weapon With |       |       |       |       |       |     1 |       ||     1
  Use: Potion            |       |     2 |     1 |       |     5 |     4 |       ||    12
       Scroll            |       |       |     1 |     2 |       |    15 |       ||    18
 Stab: Distracted        |       |       |       |     1 |       |       |       ||     1
  Eat: Chunk             |       |       |       |     4 |     3 |     9 |       ||    16
       Ration            |       |       |       |     1 |     1 |     4 |     1 ||     7
Armor: Scale mail        |    10 |     2 |       |       |       |       |       ||    12
       Plate armour      |       |     6 |    20 |     7 |       |       |       ||    33
       Chain mail        |       |       |       |    15 |    41 |   115 |    10 ||   181
Dodge: Dodged            |     2 |    10 |    17 |    45 |    54 |   147 |    18 ||   293
       Deflected         |       |       |       |       |     5 |     9 |     1 ||    15
Block: Shield            |     8 |    21 |    30 |    69 |    17 |       |       ||   145
       Large shield      |       |       |       |       |   102 |   862 |    75 ||  1039
       Reflection        |       |       |       |       |     1 |    32 |       ||    33
       Rpst.: Long sword |     1 |     1 |       |       |       |    10 |       ||    12
       Scimitar          |       |       |     4 |     4 |     1 |       |       ||     9
       Falchion          |       |       |       |     1 |       |       |       ||     1
       Demon blade       |       |       |       |     4 |     6 |     4 |       ||    14
       Eudemon blade     |       |       |       |       |       |     9 |     2 ||    11

Table legend:
 A = Spawn XP
 B = Non-spawn XP
 C = Spawn XP percentage of total XP
 D = Spawn monster count
 E = Non-spawn monster count
 F = Spawn count percentage of total count
 G = Total turns spent on level
                    A         B        C        D         E        F      G
               +---------+---------+-------+---------+---------+-------+---------
         Total |       0 |  406863 |   0.0 |       0 |     374 |   0.0 | 12339
               +---------+---------+-------+---------+---------+-------+---------
             D |       0 |  406863 |   0.0 |       0 |     374 |   0.0 | 12339
               +---------+---------+-------+---------+---------+-------+---------
